 Dungeon Crawl Stone Soup version 0.27-a0-1358-ga0a28fc8c3 (webtiles) character file.

Game seed: 17856880441672973972

3189 HAL9000 the Covert (level 9, -12/48 HPs)
             Began as a Vine Stalker Brigand on June 28, 2021.
             Was a Believer of Uskayaw.
             Mangled by a hornet (14 damage)
             ... while paralysed by a hornet
             ... on level 8 of the Dungeon.
             The game lasted 00:14:16 (7433 turns).

HAL9000 the Covert (Vine Stalker Brigand)           Turns: 7433, Time: 00:14:17

Health: -12/48     AC:  7    Str: 14    XL:     9   Next: 96%
Magic:  0/10       EV:  2    Int: 13    God:    Uskayaw [**....]
Gold:   2          SH:  0    Dex: 17    Spells: 8/8 levels left

rFire    + . .     SeeInvis .   r - +2 dagger (speed)
rCold    + . .     Faith    .   I - +0 buckler
rNeg     . . .     Spirit   +   H - +0 steam dragon scales
rPois    .         Reflect  .   l - +0 helmet
rElec    .         Harm     .   u - scarf {rC+ rF+}
rCorr    .         Rampage  .   f - +0 pair of gloves
Will     +....                  (no boots)
Stlth    +++++.....             (no amulet)
HPRegen  1.16/turn              (no ring)
MPRegen  0.12/turn              (no ring)

@: paralysed, lethally poisoned (-12 -> -13), slowed
A: fangs 3, regeneration 1, magic shield, antimagic bite, no potion heal 2
a: Renounce Religion, Stomp, Line Pass


You were on level 8 of the Dungeon.
You worshipped Uskayaw.
Uskayaw was noncommittal.
You visited 2 branches of the dungeon, and saw 9 of its levels.

You collected 314 gold pieces.
You spent 312 gold pieces at shops.

Inventory:

Hand Weapons
 a - a +2 dagger
 r - a +2 dagger of speed (weapon)
 y - a +1 shortbow of freezing
Missiles
 d - 33 poisoned darts (quivered)
 z - 45 arrows
 A - 11 boomerangs
 C - 8 atropa-tipped darts
Armour
 f - a +0 pair of gloves (worn)
 l - a +0 helmet (worn)
 u - a scarf of resistance (worn)
 v - a +2 cloak
 H - +0 steam dragon scales (worn)
 I - a +0 buckler (worn)
Jewellery
 F - an amulet of regeneration
Wands
 e - a wand of polymorph (6)
 m - a wand of charming (8)
 x - a wand of paralysis (1)
Scrolls
 b - 2 scrolls of amnesia {unknown}
 i - 6 scrolls of teleportation {unknown}
 j - a scroll of magic mapping {unknown}
 q - 3 scrolls of enchant weapon {unknown}
 s - a scroll of noise {unknown}
 w - a scroll of summoning {unknown}
 D - a scroll of fear {unknown}
 E - a scroll of blinking {unknown}
 G - a scroll of brand weapon {unknown}
Potions
 c - 2 potions of heal wounds
 g - 2 potions of might {unknown}
 h - 3 potions of degeneration
 k - 2 potions of haste
 n - a potion of invisibility {unknown}
 o - 2 potions of magic
 p - 3 potions of flight
 t - 3 potions of mutation
 B - a potion of brilliance {unknown}


   Skills:
 - Level 6.0 Fighting
 - Level 7.1 Short Blades
 + Level 5.8 Throwing
 - Level 0.7 Dodging
 - Level 10.4 Stealth


You had 8 spell levels left.
You didn't know any spells.
Your spell library was empty.

Dungeon Overview and Level Annotations

Branches:
Dungeon (8/15)             Temple (1/1) D:4
   Lair: D:8-11

Altars:
Ashenzari
Dithmenos
Elyvilon
Fedhas
Gozag
Hepliaklqana
Kikubaaqudgha
Makhleb
Nemelex Xobeh
Okawaru
Qazlal
Ru
Trog
Uskayaw
Vehumet
Wu Jian
Yredelemnul
Zin
The Shining One

Shops:
D:2 *   D:8 [


Innate Abilities, Weirdness & Mutations

You have razor-sharp teeth.
Your natural rate of healing is unusually fast.
When hurt, damage is shared between your health and your magic reserves.
Your bite disrupts and absorbs the magic of your enemies.
Potions cannot restore your health.


Message History

The hornet is heavily wounded.
You feel sick. The hornet stings you!
You are more poisoned.
You feel as though you will be slow longer.
You hit the hornet. You bite the hornet. You drain its power.
You feel invigorated.
The hornet is severely wounded.
You feel sick. The hornet misses you.
You can now pass through a line of other dancers.
You hit the hornet. Your bite misses the hornet.
The hornet is severely wounded.
You feel very sick. The hornet stings you.
You feel as though you will be slow longer.
The hornet stings you but does no damage.
You closely miss the hornet.
The hornet is severely wounded.
You feel sick.
The hornet looks more healthy.
The hornet barely misses you.
You hit the hornet. Your bite misses the hornet.
The hornet is almost dead.
You feel sick. The hornet stings you!
* * * LOW HITPOINT WARNING * * *
You feel as though you will be slow longer.
You completely miss the hornet.
The hornet is almost dead.
You feel sick. The hornet stings you.
* * * LOW HITPOINT WARNING * * *
You feel as though you will be slow longer.
You barely miss the hornet. You bite the hornet, but do no damage.
The hornet is almost dead.
You block the hornet's attack.
You barely miss the hornet. You bite the hornet, but do no damage.
The hornet is almost dead.
You feel sick. The hornet stings you!
* * * LOW HITPOINT WARNING * * *
You suddenly lose the ability to move!
You feel sick.
The hornet stings you but does no damage.
The hornet stings you!
You die...

#....#.# #..#.#..#
...#.##.#.# #....#..#
.......<..# #.......#
##.#.#......#######..##.##
# # #.####.#...###....∩#
#. ###(.....###.#### #.
#....(...# #.# #. #...y..#
#.# #. #..@####.# ..
#........# #...######
#####


You could see a hornet.

Vanquished Creatures
  A two-headed ogre (D:6)
  Joseph (D:7)
  Eustachio (D:4)
  A steam dragon (D:8)
  Menkaure (D:5)
  An ice beast (D:7)
  An orc warrior (D:7)
  A black bear (D:5)
  A necrophage (D:5)
  3 ogres
  2 centaurs
  A phantom (D:6)
  3 bullfrogs (D:7)
  3 scorpions
  A howler monkey (D:7)
  3 centaur zombies
  2 jellies
  2 orc priests (D:7)
  A hound (D:6)
  A bullfrog skeleton (D:6)
  Ijyb (D:3)
  An iguana (D:5)
  An orc wizard (D:6)
  A hound zombie (D:5)
  7 gnolls
  5 adders
  2 shadow imps
  An adder skeleton (D:4)
  4 dart slugs
  14 orcs
  6 bats
  7 endoplasms
  2 giant cockroaches
  6 hobgoblins
  15 jackals
  5 quokkas
  3 ball pythons
  2 frilled lizards
  8 goblins
  6 kobolds
  3 rats
131 creatures vanquished.

Notes
Turn   | Place    | Note
-------+----------+-------------------------------------------
     0 | D:1      | HAL9000 the Vine Stalker Brigand began the quest for the
                  | Orb.
     0 | D:1      | Reached XP level 1. HP: 11/11 MP: 2/2
   175 | D:1      | Reached XP level 2. HP: 12/15 MP: 3/3
   338 | D:1      | You fall into a shaft and drop 1 floor!
   395 | D:2      | Found Obliw's Assorted Antiques.
   592 | D:2      | Reached XP level 3. HP: 18/18 MP: 4/4
  1664 | D:3      | Gained mutation: Your natural rate of healing is unusually
                  | fast. [Vine Stalker growth]
  1664 | D:3      | Reached XP level 4. HP: 23/23 MP: 5/5
  1701 | D:3      | Found a burning altar of Makhleb.
  1976 | D:3      | Noticed Ijyb
  1981 | D:3      | Killed Ijyb
  2079 | D:3      | Found a sacrificial altar of Ru.
  2196 | D:3      | Reached XP level 5. HP: 26/26 MP: 6/6
  2555 | D:4      | Reached skill level 5 in Short Blades
  2676 | D:4      | Reached skill level 5 in Stealth
  2730 | D:4      | Reached skill level 6 in Stealth
  2730 | D:4      | Reached XP level 6. HP: 30/30 MP: 7/7
  2773 | D:4      | Noticed Eustachio
  3266 | D:4      | Killed Eustachio
  3267 | D:4      | Reached skill level 7 in Stealth
  3637 | D:4      | Found a staircase to the Ecumenical Temple.
  3669 | D:4      | Reached XP level 7. HP: 11/34 MP: 6/8
  3672 | Temple   | Entered the Ecumenical Temple
  4183 | Temple   | Became a worshipper of Uskayaw the Reveller
  4209 | D:5      | Entered Level 5 of the Dungeon
  4229 | D:5      | Reached skill level 8 in Stealth
  4292 | D:5      | Reached * piety under Uskayaw
  4351 | D:5      | Reached ** piety under Uskayaw
  4422 | D:5      | Reached skill level 9 in Stealth
  4507 | D:5      | Noticed Menkaure
  4517 | D:5      | Killed Menkaure
  4518 | D:5      | Reached skill level 10 in Stealth
  4518 | D:5      | Gained mutation: You have razor-sharp teeth. [Vine Stalker
                  | growth]
  4518 | D:5      | Reached XP level 8. HP: 38/38 MP: 9/9
  4876 | D:5      | Reached *** piety under Uskayaw
  5253 | D:6      | Identified the +1 chain mail of the Realm of Zot {Harm}
  5888 | D:7      | Noticed a two-headed ogre
  6169 | D:6      | Killed a two-headed ogre
  6170 | D:6      | Reached skill level 5 in Fighting
  6170 | D:6      | Reached XP level 9. HP: 47/47 MP: 7/10
  6357 | D:7      | Found a shadowy altar of Dithmenos.
  6421 | D:7      | Reached **** piety under Uskayaw
  6802 | D:7      | Noticed Joseph
  6900 | D:7      | Killed Joseph
  6901 | D:7      | Reached skill level 5 in Throwing
  7363 | D:8      | Found Xuugud's Antique Armour Emporium.
  7389 | D:8      | Bought an embroidered scarf for 200 gold pieces
  7389 | D:8      | Bought a buckler for 112 gold pieces
  7408 | D:8      | Noticed a hornet
  7432 | D:8      | HP: 2/48 [hornet (9)]
  7432 | D:8      | Paralysed by a hornet for 3 turns
  7433 | D:8      | Mangled by a hornet

Illustrated notes

Levels and vault maps discovered:
D:1:      dpeg_arrival_rooms_c, layout_rooms, interstate_on_off
D:2:      layout_loops_corners, serial_shops, nicolae_shop_overgrown_old_shop
D:3:      layout_loops_ring, lightli_temple_of_fire, hangedman_ru_absence,
          minmay_box_of_dots, uniq_ijyb
D:4:      layout_basic, minmay_temple_entry_junction_2, uniq_eustachio
D:5:      layout_gridville, amcnicky_mini_corridor_feature, uniq_menkaure
D:6:      layout_basic
D:7:      layout_basic, nicolae_dithmenos_shadow_blocks, uniq_joseph
D:8:      layout_loops_cross, kennysheep_little_box, serial_shops, shop,
          uniq_gastronok, uniq_erica, uniq_maurice
Temple:   eino_temple_rhombus

Skill      XL: |  1  2  3  4  5  6  7  8  9 |
---------------+----------------------------+-----
Short Blades   | 2 3 4 5 7 |  7.1
Stealth        | 6 7 10 | 10.4
Fighting       | 5 6 |  6.0
Throwing       | 5 |  5.8
Dodging        | |  0.7

Action                   |  1- 3 |  4- 6 |  7- 9 || total
-------------------------+-------+-------+-------++-------
Melee: Dagger            |   113 |   260 |   311 ||   684
       Bite              |    27 |    77 |   113 ||   217
Throw: Dart              |       |    14 |    64 ||    78
Evoke: Wand              |       |       |     4 ||     4
  Use: Scroll            |       |       |     6 ||     6
 Stab: Sleeping          |     8 |     8 |     9 ||    25
       Distracted        |       |     1 |       ||     1
       Paralysed         |       |       |     6 ||     6
Armor: Robe              |    28 |    70 |       ||    98
       Leather armour    |       |     8 |    56 ||    64
       Steam dragon scal |       |       |     2 ||     2
Dodge: Dodged            |    69 |   148 |   108 ||   325
Block: Buckler           |       |       |     1 ||     1

Table legend: (Time is in decaauts)
 A = Elapsed time spent in this place.
 B = Non-inter-level travel time spent in this place.
 C = Inter-level travel time spent in this place.
 D = Time resting spent in this place.
 E = Time spent auto-exploring this place.
 F = Levels seen in this place.
 G = Mean time per level.
                   A        B        C        D        E       F      G
               +--------+--------+--------+--------+--------+-----+--------+
         Total |   7130 |   6739 |    391 |    560 |   4439 |   9 |  792.2 |
       Dungeon |   6871 |   6515 |    356 |    546 |   4240 |   8 |  858.9 |
        Temple |    259 |    225 |     34 |     14 |    199 |   1 |  259.0 |
               +--------+--------+--------+--------+--------+-----+--------+

Top non-repeatable levels by time:
     D:4: 1432 daAuts
     D:2: 1298 daAuts
     D:6: 1043 daAuts
     D:7: 1034 daAuts
     D:5: 866 daAuts
     D:3: 754 daAuts
     D:1: 335 daAuts
  Temple: 259 daAuts
     D:8: 106 daAuts
